 Dungeon Crawl Stone Soup version 0.15.2 (webtiles) character file.

332 glosham the Skirmisher (level 6, 8/67 HPs)
             Began as an Ogre Arcane Marksman on Apr 8, 2017.
             Was an Initiate of Trog.
             Quit the game on Level 2 of the Dungeon.
             The game lasted 00:26:40 (1484 turns).

glosham the Skirmisher (Ogre Arcane Marksman)       Turns: 1484, Time: 00:26:40

HP   8/67        AC  4     Str 16 (17) XL: 6   Next: 52%
MP   8/8         EV 10     Int 14      God: Trog [......]
Gold 160         SH  0     Dex 11      Spells:  1 memorised,  6 levels left

rFire  + . .     SeeInvis .     b - -3 giant spiked club (curse)
rCold  . . .     Clarity  .     X - +0 robe
rNeg   . . .     rCorr    .     (shield restricted)
rPois  .         rRot     .     (helmet restricted)
rElec  .         Spirit   .     Y - +0 cloak
SustAb .         Warding  .     (gloves unavailable)
rMut   .         Stasis   .     (boots unavailable)
Gourm  .                        (no amulet)
MR     .....                    (no ring)
                                A - ring "Eceklium" {Contam rF+ Int+2}

@: not resistant to hostile enchantments, very unstealthy
A: unfitting armour, tough skin 1
a: Burn Spellbooks, Renounce Religion


You were on level 2 of the Dungeon.
You worshipped Trog.
Trog was noncommittal.
You were hungry.

You visited 2 branches of the dungeon, and saw 5 of its levels.

You collected 160 gold pieces.

Inventory:

Hand weapons
 a - a +5 mace of crushing
 b - a cursed -3 giant spiked club (weapon)
Missiles
 c - 67 stones (quivered)
 d - 2 throwing nets
 l - 11 poisoned needles
 o - 4 large rocks
Armour
 X - a +0 robe (worn)
 Y - a +0 cloak (worn)
Comestibles
 e - a bread ration
 f - 3 meat rations
 k - a slice of pizza
Jewellery
 A - the ring "Eceklium" (left hand) {Contam rF+ Int+2}
   (You found it on level 4 of the Dungeon)

   [ring of protection from fire]

   It affects your intelligence (+2).
   It protects you from fire.
   It causes magical contamination when unequipped.
Potions
 g - a potion of resistance {unknown}
 h - a potion of agility
 m - a potion of confusion {unknown}
 n - a potion of magic {unknown}
Books
 j - a book of Debilitation

   Spells                             Type                      Level
   *Corona                            Hexes                        1
   Slow                               Hexes                        2
   Inner Flame                        Hexes/Fire                   3
   Enslavement                        Hexes                        4
   Cause Fear                         Hexes                        4
   Leda's Liquefaction                Hexes/Earth                  4
   Trog disapproves of the use of such an item.


   Skills:
 - Level 5.9 Fighting
 * Level 5.8 Maces & Flails
 - Level 2.1 Throwing
 - Level 1.7 Dodging
 - Level 1.2 Spellcasting
 - Level 2.1 Hexes


You had 6 spell levels left.
You knew the following spells:

 Your Spells              Type           Power        Failure   Level  Hunger
C - Corona                Hex            #......      14%         1    ##.....


Dungeon Overview and Level Annotations

Branches:
Dungeon (4/15)             Temple (1/1) D:4

Altars:
Cheibriados
Elyvilon
Fedhas
Kikubaaqudgha
Makhleb
Nemelex Xobeh
Qazlal
Sif Muna
Trog
Xom
Yredelemnul
Zin


Innate Abilities, Weirdness & Mutations

You are too large for most types of armour.
You have tough skin (AC +1).


Message History

Found a scroll labeled NAGEADWOJU.
You are feeling hungry.
p - a scroll labeled NAGEADWOJU Eat which item? (? for menu, Esc to quit)
Okay, then.
Read which item? (? for menu, Esc to quit)
As you read the scroll labeled NAGEADWOJU, it crumbles to dust.
The scroll dissolves into smoke.
It was a scroll of fog.
Found 9 gold pieces.
Found a pair of gloves.
Found 13 stones.
A giant mite comes into view.
Trog sends monsters to punish you.
Trog seems mollified.
Read which item? (? for menu, Esc to quit)
As you read the scroll of teleportation, it crumbles to dust.
You feel strangely unstable. The black bear bites you.
The black bear claws you but does no damage.
The black bear barely misses you. The black bear bites you!
The black bear claws you. The black bear claws you.
The polar bear rages.
The black bear bites you!
* * * LOW HITPOINT WARNING * * *
The black bear closely misses you. The black bear claws you.
* * * LOW HITPOINT WARNING * * *
A goblin comes into view. It is wielding a dagger.
Your surroundings seem slightly different.
The giant mite closely misses you.
Found 2 gold pieces.
Read which item? (? for menu, Esc to quit)
As you read the scroll of teleportation, it crumbles to dust.
You feel strangely unstable.
The giant mite bites you but does no damage.
The giant mite bites you.
* * * LOW HITPOINT WARNING * * *
Your surroundings suddenly seem different.
Read which item? (? for menu, Esc to quit)
Okay, then.
Are you sure you want to abandon this character and quit the game? (Confirm with "yes".)

#.#.##.#.#
#....##
##.......
#........#
#.####
##....%#
######.###
#.# ##...##
#.# #.#
#..... #.#
####.###
#..### #.#
#......#
#..# #.#
#.##.#.#
#..### #.#
#.##.#.#
#..... #.#
#.##@#.#####
#.....# #.#
#.##.......#
##....#
########.#
#.####.###.#
#.....
.........#
#.####.#
#.########.#
##########
#......#
#.....<....#
########
############


There were no monsters in sight!

Vanquished Creatures
  An ogre (D:4)
  The ghost of dscm the Stinger, a weakling OpVM (D:4)
  An iguana (D:4)
  3 orc wizards (D:4)
  2 worker ants (D:4)
  Terence (D:2)
  An adder (D:3)
  A worm (D:2)
  3 giant geckos
  2 oozes
  6 orcs
  5 bats
  3 giant cockroaches (D:1)
  2 goblins
  3 hobgoblins
  5 jackals
  3 kobolds
  A giant newt (D:4)
  4 rats
48 creatures vanquished.

Notes
Turn   | Place    | Note
--------------------------------------------------------------
     0 | D:1      | glosham, the Ogre Arcane Marksman, began the quest for the Orb.
     0 | D:1      | Reached XP level 1. HP: 19/19 MP: 2/2
    11 | D:1      | Noticed an electric eel
    11 | D:1      | Noticed an electric eel
    54 | D:1      | Reached skill level 2 in Fighting
   145 | D:1      | Reached XP level 2. HP: 22/29 MP: 0/3
   259 | D:1      | Reached skill level 1 in Maces & Flails
   338 | D:2      | Reached skill level 2 in Maces & Flails
   454 | D:1      | Reached XP level 3. HP: 17/36 MP: 1/4
   557 | D:1      | Reached skill level 3 in Fighting
   764 | D:2      | Noticed Terence
   769 | D:2      | Killed Terence
   830 | D:3      | Reached skill level 3 in Maces & Flails
   830 | D:3      | Reached XP level 4. HP: 29/48 MP: 4/6
   895 | D:4      | Noticed dscm's ghost (weakling OpVM)
   895 | D:4      | Got a smoking brass ring
   899 | D:4      | Killed dscm's ghost
   899 | D:4      | Reached skill level 4 in Fighting
   900 | D:4      | Identified the ring "Eceklium" {Contam rF+ Int+2} (You found it on level 4 of the Dungeon)
   940 | D:4      | Reached skill level 4 in Maces & Flails
   940 | D:4      | Reached XP level 5. HP: 21/55 MP: 7/7
  1023 | D:4      | Found a staircase to the Ecumenical Temple.
  1034 | Temple   | Entered the Ecumenical Temple
  1074 | Temple   | Became a worshipper of Trog the Wrathful
  1209 | D:4      | Was placed under penance by Trog
  1221 | D:4      | Noticed an ogre
  1227 | D:4      | Killed an ogre
  1227 | D:4      | Reached skill level 5 in Fighting
  1227 | D:4      | Reached skill level 5 in Maces & Flails
  1227 | D:4      | Reached XP level 6. HP: 54/66 MP: 8/8
  1291 | D:4      | HP: 2/67 [iguana (5)]
  1476 | D:2      | Was forgiven by Trog
  1477 | D:2      | Noticed a polar bear
  1484 | D:2      | Quit the game

Action                   |  1- 3 |  4- 6 || total
-------------------------+-------+-------++-------
Melee: Unarmed           |    35 |       ||    35
       Whip              |    98 |       ||    98
       Mace              |     9 |    41 ||    50
       Giant spiked club |       |     7 ||     7
Throw: Stone             |     6 |    10 ||    16
       Large rock        |     3 |     7 ||    10
       Throwing net      |     1 |     1 ||     2
 Cast: Corona            |    35 |     4 ||    39
  Use: Scroll            |     3 |     5 ||     8
 Stab: Held in net/web   |       |     1 ||     1
  Eat: Chunk             |     1 |     2 ||     3

Table legend:
 A = Turns spent in this place as a percentage of turns spent in the entire game.
 B = Non-inter-level travel turns spent in this place as a percentage of non-inter-level travel turns spent in the entire game.
 C = Inter-level travel turns spent in this place as a percentage of turns spent in this place.
 D = Turns resting spent in this place as a percentage of non-inter-level travel turns spent in this place.
 E = Turns spent auto-exploring this place as a percentage of non-inter-level travel turns spent in this place.
 F = Non-inter-level travel turns spent in this place divided by the number of levels of this place that you've seen.
                   A       B       C       D       E      F
               +-------+-------+-------+-------+-------+----------------------
         Total | 100.0 | 100.0 |   0.2 |   0.0 |   0.0 | 239.8
       Dungeon |  95.5 |  95.5 |   0.2 |   0.0 |   0.0 | 286.2
        Temple |   4.5 |   4.5 |   0.0 |   0.0 |   0.0 |  54.0
               +-------+-------+-------+-------+-------+----------------------

Table legend:
 A = Kills in this place as a percentage of kills in entire the game.
 B = Kills by you in this place as a percentage of kills by you in the entire game.
 C = Kills by friends in this place as a percentage of kills by friends in the entire game.
 D = Other kills in this place as a percentage of other kills in the entire game.
 E = Experience gained in this place as a percentage of experience gained in the entire game.
 F = Experience gained in this place divided by the number of levels of this place that you have seen.
                   A       B       C       D       E      F
               +-------+-------+-------+-------+-------+----------------------
         Total | 100.0 | 100.0 |  -nan |  -nan | 100.0 |  95.0
       Dungeon | 100.0 | 100.0 |  -nan |  -nan | 100.0 | 118.8
               +-------+-------+-------+-------+-------+----------------------

Vault maps used:
D:1:      arrival_aquarium_b
D:2:      first_bread, uniq_terence
D:3:      lemuel_crystal_altar, serial_glass, glass_columns_a, glass_columns_a,
          minmay_misc_feat_rugged, kennysheep_generic_room_10, uniq_jessica,
          uniq_sigmund
D:4:      minmay_temple_entry_glassed_door, serial_shops, kennysheep_little_box,
          minmay_unequal
Temple:   circular_temple_12
